 Dungeon Crawl Stone Soup version 0.21.0-3-g78d12a8 (webtiles) character file.

699 Miyamura the Ducker (level 7, 0/37 HPs)
             Began as a Spriggan Berserker on Jan 16, 2018.
             Was a Priest of Trog.
             Slain by a gnoll
             ... wielding a +0 whip
              (11 damage)
             ... on level 4 of the Dungeon.
             The game lasted 00:10:32 (3350 turns).

Miyamura the Ducker (Spriggan Berserker)            Turns: 3350, Time: 00:10:33

Health: 0/37       AC:  2    Str: 13    XL:     7   Next: 38%
Magic:  8/8        EV: 22    Int: 10    God:    Trog [***...]
Gold:   200        SH:  0    Dex: 16    Spells: 6/6 levels left

rFire    . . .     SeeInvis +   a - +0 falchion
rCold    . . .     Gourm    .   (shield restricted)
rNeg     . . .     Faith    +   b - +0 animal skin
rPois    .         Spirit   .   (helmet restricted)
rElec    .         Reflect  .   (no cloak)
rCorr    .         Harm     .   (gloves unavailable)
MR       +++..                  (boots unavailable)
Stlth    +++.......             g - amulet of faith
HPRegen  1.12/turn              (no ring)
MPRegen  0.11/turn              (no ring)

@: berserk cooldown, regenerating, slowed, quick
A: very small, unfitting armour, see invisible, herbivore, speed 3, slow
metabolism 2
a: Berserk, Trog's Hand, Burn Spellbooks, Renounce Religion


You were on level 4 of the Dungeon.
You worshipped Trog.
Trog was most pleased with you.
You were very hungry.

You visited 1 branch of the dungeon, and saw 4 of its levels.

You collected 200 gold pieces.

Inventory:

Hand Weapons
 a - a +0 falchion (weapon)
 o - a +1 dagger of speed
 s - a +0 falchion of slicing
Armour
 b - a +0 animal skin (worn)
Jewellery
 g - an amulet of faith (around neck)
Scrolls
 e - a scroll of magic mapping
 h - a scroll of fog {unknown}
 i - 3 scrolls of remove curse {unknown}
 l - a scroll of enchant armour {unknown}
 m - a scroll of amnesia {unknown}
 q - a scroll of teleportation {unknown}
 r - a scroll of identify
 t - a scroll of immolation {unknown}
 u - a scroll of fear {unknown}
Potions
 d - a potion of ambrosia {unknown}
 f - a potion of heal wounds {unknown}
 j - a potion of curing
 k - a potion of flight {unknown}
 n - a potion of degeneration {unknown}
 p - a potion of berserk rage {unknown}


   Skills:
 + Level 3.8 Fighting
 + Level 3.4(4.8) Short Blades
 + Level 3.9(4.2) Long Blades
 + Level 6.9 Dodging
 + Level 5.6 Stealth


You had 6 spell levels left.
You didn't know any spells.

Dungeon Overview and Level Annotations

Branches:
Dungeon (4/15)             Temple (0/1) D:4

Altars:
Zin


Innate Abilities, Weirdness & Mutations

You are very small and have problems with some larger weapons.
You are too small for most types of armour.
You have supernaturally acute eyesight. (SInv)
You are a herbivore.
You cover ground extremely quickly.
You need consume almost no food.


Message History

The gnoll closely misses you.
Unknown command.
You barely miss the gnoll.
The gnoll is moderately wounded.
The orc wizard casts a spell.
The orc wizard blinks!
The gnoll hits you with a whip. x2
Unknown command.
You hit the gnoll but do no damage.
The gnoll is moderately wounded.
The gnoll misses you.
Unknown command.
You hit the gnoll.
The gnoll is heavily wounded.
The gnoll closely misses you. The gnoll hits you with a whip!
* * * LOW HITPOINT WARNING * * *
Unknown command.
You hit the gnoll.
The gnoll is severely wounded.
The gnoll hits you with a whip!
You die...

#..)....# #.........# ##########
#.......# ###..###### #...<....#
#.......# ##.## #.###....#
†......## #..# #.# #....#
.......# ##.# #.# #....##
.......########.#######.###......
.)..............(..÷..†..........
..........######.###.##..##......
..........# #@#...##..##......
..........# #g#g####..........
..........# #o#.ggo....#.#....
....#.....# #))######..#.##.##
....####### #...g......#'##.##
....# ##.######..s...... ....#
#.## #......... ....# #..###
#......... ....# ##...#
#.........


You could see an orc wizard and a gnoll.

Vanquished Creatures
  A phantom (D:4)
  An ogre (D:4)
  2 howler monkeys (D:4)
  An orc priest (D:3)
  A bullfrog skeleton (D:3)
  A gnoll shaman (D:4)
  A centaur skeleton (D:4)
  3 orc wizards
  A worker ant (D:4)
  4 gnolls (D:4)
  7 adders
  An ooze (D:3)
  3 worms
  4 dart slugs
  3 leopard geckos
  13 orcs
  2 ball pythons
  7 giant cockroaches
  9 goblins
  10 hobgoblins
  5 jackals (D:1)
  7 kobolds
  3 quokkas
  6 bats
  5 frilled lizards
  13 rats
114 creatures vanquished.

Notes
Turn   | Place    | Note
-------+----------+-------------------------------------------
     0 | D:1      | Miyamura the Spriggan Berserker began the quest for the Orb.
     0 | D:1      | Reached XP level 1. HP: 11/11 MP: 2/2
   197 | D:1      | Reached skill level 1 in Stealth
   234 | D:1      | Reached XP level 2. HP: 16/16 MP: 3/3
   332 | D:1      | You fall through a shaft!
   530 | D:1      | Reached ** piety under Trog
   553 | D:1      | Reached XP level 3. HP: 18/19 MP: 4/4
   681 | D:1      | Reached skill level 5 in Dodging
  1315 | D:2      | Found a glowing silver altar of Zin.
  1422 | D:2      | Reached skill level 1 in Short Blades
  1422 | D:2      | Reached XP level 4. HP: 23/23 MP: 5/5
  2021 | D:3      | Reached XP level 5. HP: 17/28 MP: 6/6
  2351 | D:3      | Reached *** piety under Trog
  2749 | D:3      | Reached XP level 6. HP: 31/32 MP: 7/7
  2817 | D:4      | Found a staircase to the Ecumenical Temple.
  2842 | D:4      | Reached skill level 6 in Dodging
  3053 | D:4      | Reached skill level 5 in Stealth
  3165 | D:4      | Reached XP level 7. HP: 27/37 MP: 8/8
  3350 | D:4      | Slain by a gnoll

Skill      XL: |  1  2  3  4  5  6 |
---------------+-------------------+-----
Stealth        | 1 2 3 4 5 |  5.6
Dodging        | 5 6 |  6.9
Short Blades   | 1 2 3 |  3.4
Fighting       | 3 |  3.8
Long Blades    | 3 |  3.9

Action                   |  1- 3 |  4- 6 |  7- 9 || total
-------------------------+-------+-------+-------++-------
Melee: Falchion          |   131 |   201 |    69 ||   401
       Dagger            |       |    32 |       ||    32
Invok: Berserk           |     4 |     2 |     1 ||     7
       Trog's Hand       |     2 |     4 |     2 ||     8
  Use: Scroll            |       |     4 |       ||     4
       Potion            |       |       |     1 ||     1
 Stab: Sleeping          |     9 |     4 |       ||    13
  Eat: Ration            |     1 |     3 |     1 ||     5
Armor: Animal skin       |    12 |    19 |     2 ||    33
Dodge: Dodged            |   131 |   191 |    70 ||   392
       Rpst.: Falchion   |    42 |    67 |    19 ||   128
